 Dungeon Crawl Stone Soup version 0.25-a0-42-g6c54e25894 (webtiles) character file.

Game seed: 12939531003606359509, levelgen mode: deterministic

251 MisterFreud the Ruffian (level 5, -11/48 HPs)
             Began as a Troll Hunter on Oct 22, 2019.
             Mangled by an ogre
             ... wielding a +0 giant club
              (22 damage)
             ... in the Ecumenical Temple.
             The game lasted 00:05:10 (2226 turns).

MisterFreud the Ruffian (Troll Hunter)              Turns: 2226, Time: 00:05:10

Health: -11/48     AC:  6    Str: 21    XL:     5   Next: 88%
Magic:  4/4        EV: 10    Int:  7    God:
Gold:   263        SH:  0    Dex: 10    Spells: 4/4 levels left

rFire    . . .     SeeInvis .     - Unarmed
rCold    . . .     Gourm    +   (no shield)
rNeg     . . .     Faith    .   k - +0 robe (curse)
rPois    .         Spirit   .   (helmet restricted)
rElec    .         Reflect  .   (no cloak)
rCorr    .         Harm     .   (gloves unavailable)
MR       .....                  (boots unavailable)
Stlth    +.........             (no amulet)
HPRegen  0.56/turn              l - +3 ring of slaying
MPRegen  0.09/turn              (no ring)

@: no status effects
A: large, unfitting armour, claws 3, fast metabolism 3, gourmand, regeneration
1, shaggy fur 1, tough skin 3
a: no special abilities


You were in the Ecumenical Temple.
You were completely stuffed.

You visited 2 branches of the dungeon, and saw 5 of its levels.

You collected 263 gold pieces.

Inventory:

Missiles
 c - 5 large rocks (quivered)
 d - 2 throwing nets
 e - 128 stones
Armour
 b - a +0 shield
 k - a cursed +0 robe (worn)
Jewellery
 l - a +3 ring of slaying (left claw)
Scrolls
 g - 6 scrolls of remove curse
 n - a scroll of magic mapping
 o - 3 scrolls of teleportation
Potions
 a - a potion of mutation
 h - a potion of berserk rage {unknown}
 i - a potion of might {unknown}
 j - 3 potions of curing {unknown}
Comestibles
 f - 7 rations
 m - a chunk of flesh


   Skills:
 - Level 1.5 Fighting
 - Level 3.6 Throwing
 - Level 1.5 Dodging
 - Level 0.3 Stealth
 + Level 5.8 Unarmed Combat


You had 4 spell levels left.
You didn't know any spells.
Your spell library was empty.

Dungeon Overview and Level Annotations

Branches:
Dungeon (4/15)             Temple (1/1) D:4

Altars:
Cheibriados
Elyvilon
Gozag
Hepliaklqana
Makhleb
Ru
Sif Muna
Trog
Vehumet
Xom
Zin
The Shining One


Innate Abilities, Weirdness & Mutations

You are too large for most types of armour.
You have claws for hands.
Your metabolism is lightning-fast.
You like to eat raw meat.
Your natural rate of healing is unusually fast.
You are covered in fur. (AC +1)
You have extremely tough skin. (AC +3)


Message History

The ogre hits you with a +0 giant club!
You scratch the ogre.
The ogre is lightly wounded.
The ogre barely misses you.
Found three altars.
You scratch the ogre.
The ogre is moderately wounded.
You claw the ogre!
The ogre is heavily wounded.
The ogre closely misses you.
You scratch the ogre but do no damage.
The ogre is heavily wounded.
The ogre barely misses you.
Found a burning altar of Makhleb and a bloodstained altar of Trog.
The ogre hits you with a +0 giant club!
* * * LOW HITPOINT WARNING * * *
You scratch the ogre.
The ogre is heavily wounded.
The ogre hits you with a +0 giant club!!
You die...

####### #########
.......### ###.......###
._..._...###..._..._...##
..........#.............#
.........###...........##
..._....@O.......<.......
.........###...........##
..........#.............#
._..._...###..._..._...##
.......### ###.......###
####### #########


You could see an ogre.

Vanquished Creatures
  A bullfrog (D:3)
  2 orc priests
  6 adders
  4 dart slugs
  A worm (D:2)
  A leopard gecko (D:1)
  4 orcs (D:2)
  2 giant cockroaches (D:2)
  10 goblins
  5 hobgoblins
  7 jackals
  A ball python (D:3)
  6 bats
  4 frilled lizards
  4 kobolds
  A leopard gecko skeleton (D:4)
  7 rats
66 creatures vanquished.

Notes
Turn   | Place    | Note
-------+----------+-------------------------------------------
     0 | D:1      | MisterFreud the Troll Hunter began the quest for the Orb.
     0 | D:1      | Reached XP level 1. HP: 19/19 MP: 0/0
   159 | D:1      | Reached skill level 1 in Unarmed Combat
   310 | D:1      | Reached XP level 2. HP: 26/27 MP: 1/1
   339 | D:1      | Reached skill level 2 in Unarmed Combat
   955 | D:2      | Reached XP level 3. HP: 31/33 MP: 2/2
  1115 | D:2      | Found a glowing silver altar of Zin.
  1117 | D:2      | Found a shimmering altar of Xom.
  1117 | D:2      | Noticed an angel
  1345 | D:2      | Reached skill level 3 in Unarmed Combat
  1531 | D:3      | Noticed a bullfrog
  1539 | D:3      | Killed a bullfrog
  1539 | D:3      | Reached skill level 4 in Unarmed Combat
  1539 | D:3      | Reached XP level 4. HP: 38/41 MP: 3/3
  1686 | D:3      | Reached XP level 5. HP: 43/48 MP: 4/4
  1689 | D:3      | Found a hazy altar of Hepliaklqana.
  1772 | D:3      | Reached skill level 5 in Unarmed Combat
  2197 | D:4      | Found a staircase to the Ecumenical Temple.
  2204 | D:4      | Noticed an ogre
  2209 | Temple   | Entered the Ecumenical Temple
  2226 | Temple   | Mangled by an ogre

Levels and vault maps discovered:
D:1:      ncdulo_halloftheorcs, layout_loops_ring, corexii_hall_statues_s
D:2:      layout_basic, grunt_temple_overflow_order_and_chaos_1
D:3:      layout_rooms, nicolae_overflow_hidden_temple
D:4:      layout_loops_ring, old_standard_altar,
          minmay_temple_entry_proselytizer
Temple:   zaba_magenta_temple

Skill      XL: |  1  2  3  4  5 |
---------------+----------------+-----
Unarmed Combat | 1 2 4 5 |  5.8
Fighting       | |  1.5
Throwing       | |  3.6
Dodging        | |  1.5
Stealth        | |  0.3

Action                   |  1- 3 |  4- 6 || total
-------------------------+-------+-------++-------
Melee: Unarmed           |   109 |    80 ||   189
  Use: Scroll            |     8 |       ||     8
 Stab: Sleeping          |     1 |       ||     1
  Eat: Chunk             |    19 |     7 ||    26
Armor: Robe              |    44 |    15 ||    59
Dodge: Dodged            |    45 |    35 ||    80

Table legend:
 A = Non-vault XP
 B = Vault XP
 C = Vault XP percentage of total XP
 D = Non-vault monster count
 E = Vault monster count
 F = Vault count percentage of total count
                 A         B        C        D         E       F
            +---------+---------+-------+---------+---------+-------
      Total |     318 |      41 |  11.4 |      65 |       1 |   1.5
            +---------+---------+-------+---------+---------+-------
        D:1 |      27 |       0 |   0.0 |      17 |       0 |   0.0
        D:2 |      58 |       0 |   0.0 |      23 |       0 |   0.0
        D:3 |     228 |       0 |   0.0 |      23 |       0 |   0.0
        D:4 |       5 |      41 |  89.1 |       2 |       1 |  33.3
            +---------+---------+-------+---------+---------+-------
